[Event "Saturday Night Engine Tour 13 rd Swiss 5m+1s Starts at 2200hrs ST"]
[Site "Infinity Chess"]
[Date "2018.1.13"]
[Round "3"]
[White "incredible"]
[Black "KillBill2017"]
[Result "1/2-1/2"]
[ECO "C55"]
[WhiteElo "2454"]
[BlackElo "2443"]
[WhiteEngine "stockfish_18011309_x64_bmi2"]
[BlackEngine "asmFishW_2018-01-12_popcnt_CTG"]
[EventType "Swiss"]
[WhiteTeam ""]
[BlackTeam ""]
[PlyCount "85"]
[TimeControl "300+1"]

1. e4 e5 2. Nf3 Nc6 3. Bc4 Nf6 4. d3 Bc5 5. c3 d6 6. O-O O-O 7. Bb3 a5 8. Re1 h6 
9. d4 Ba7 10. h3 Re8 11. d5 Ne7 12. c4 Bd7 13. Nc3 Ng6 14. Be3 Bxe3 15. Rxe3 Nf4 
16. Kh2 g5 17. Ng1 g4 18. Ba4 gxh3 19. Rg3+ Kh7 20. Bxd7 Qxd7 21. Nxh3 a4 
22. Nxf4 exf4 23. Rh3 Ng4+ 24. Kg1 Rg8 25. Nb5 Qe7 26. Qc2 Rae8 27. Re1 Qg5 
28. b3 Qg6 29. Nd4 axb3 30. axb3 Re5 31. Nf3 Nf6 32. Nh4 Rxe4 33. Rf1 Qg4 
34. Re1 Qg6 35. Rf1 Qg4 36. Re1 Qf5 37. Re2 Qxh3 38. Rxe4 Nxe4 39. Qxe4+ Kh8 
40. Qd4+ Kh7 41. Qe4+ Kh8 42. Qd4+ Kh7 43. Qe4+ 1/2-1/2

[Event "Saturday Night Engine Tour 13 rd Swiss 5m+1s Starts at 2200hrs ST"]
[Site "Infinity Chess"]
[Date "2018.1.13"]
[Round "3"]
[White "MiKachomiKa QueeN"]
[Black "MarioDeMonti"]
[Result "1-0"]
[ECO "B23"]
[WhiteElo "2465"]
[BlackElo "2505"]
[WhiteEngine "Raubfisch X37b1_CTG"]
[BlackEngine "stockfish_x64_bmi2_2018_01_01_CTG"]
[EventType "Swiss"]
[WhiteTeam ""]
[BlackTeam ""]
[PlyCount "56"]
[TimeControl "300+1"]

1. e4 c5 2. Nc3 a6 3. Nf3 d6 4. g3 e5 5. d3 Be7 6. Bg2 Nf6 7. O-O h6 8. Nd2 h5 
9. h3 Be6 10. f4 exf4 11. gxf4 Nc6 12. b3 Qc7 13. Nc4 O-O-O 14. Ne3 Rde8 
15. a3 g6 16. b4 Nd4 17. Rb1 cxb4 18. axb4 Qxc3 19. Bb2 Qxb4 20. c3 Qb3 
21. cxd4 Qxd1 22. Rfxd1 Kb8 23. e5 Nh7 24. Bc3 b5 25. Rdc1 Rc8 26. Ra1 Rxc3 
27. Rxc3 Rc8 28. Nd5 Rxc3 1-0

[Event "Saturday Night Engine Tour 13 rd Swiss 5m+1s Starts at 2200hrs ST"]
[Site "Infinity Chess"]
[Date "2018.1.13"]
[Round "3"]
[White "KULLANI"]
[Black "Cepri"]
[Result "1/2-1/2"]
[ECO "C55"]
[WhiteElo "2461"]
[BlackElo "2466"]
[WhiteEngine "BrainFish_180106_x64_CTG"]
[BlackEngine "asmFishW_12J18Mb_CTG"]
[EventType "Swiss"]
[WhiteTeam ""]
[BlackTeam ""]
[PlyCount "96"]
[TimeControl "300+1"]

1. e4 e5 2. Nf3 Nc6 3. Bc4 Nf6 4. d3 Bc5 5. c3 d6 6. O-O O-O 7. Bg5 h6 8. Bh4 a6 
9. a4 g5 10. Bg3 Ba7 11. Nbd2 Nh7 12. h3 h5 13. Kh1 Kh8 14. b4 g4 15. Nh4 Qg5 
16. b5 Ne7 17. d4 exd4 18. cxd4 Qh6 19. e5 d5 20. Bd3 Bxd4 21. Rc1 c6 
22. Nb3 Ba7 23. bxa6 bxa6 24. Rg1 Rg8 25. e6 Bxe6 26. Be5+ f6 27. Bd4 gxh3 
28. g3 Bg4 29. Qc2 Bxd4 30. Nxd4 Nf8 31. Rce1 Nfg6 32. Nxg6+ Nxg6 33. Qxc6 Qg7 
34. Bxg6 Qxg6 35. f3 Rac8 36. Qxa6 h2 37. Kxh2 Rc4 38. Qb6 Bc8 39. a5 Qg5 
40. Kh1 h4 41. g4 Qf4 42. Nf5 Qxf3+ 43. Rg2 Rcxg4 44. Qxf6+ R4g7 45. Qh6+ Rh7 
46. Qf6+ Rhg7 47. Qh6+ Rh7 48. Qf6+ Rhg7 1/2-1/2

[Event "Saturday Night Engine Tour 13 rd Swiss 5m+1s Starts at 2200hrs ST"]
[Site "Infinity Chess"]
[Date "2018.1.13"]
[Round "3"]
[White "pablo"]
[Black "OlivierEvan"]
[Result "1/2-1/2"]
[ECO "B12"]
[WhiteElo "2512"]
[BlackElo "2478"]
[WhiteEngine "asmFishW_2017-12-20_bmi2_CTG"]
[BlackEngine "Houdini 6"]
[EventType "Swiss"]
[WhiteTeam ""]
[BlackTeam ""]
[PlyCount "140"]
[TimeControl "300+1"]

1. e4 c6 2. d4 d5 3. e5 Bf5 4. Nf3 e6 5. Be2 Nd7 6. O-O h6 7. a4 Ne7 8. a5 g5 
9. c4 a6 10. Nc3 Bg7 11. cxd5 cxd5 12. b4 O-O 13. b5 f6 14. exf6 Rxf6 
15. bxa6 bxa6 16. h3 Bg6 17. Ra4 Be8 18. Re1 Qc7 19. Bb2 Nc6 20. Qd2 Qf4 
21. Qc2 Nf8 22. Na2 Rf7 23. Nc1 Qc7 24. Qc3 e5 25. dxe5 Nxe5 26. Qxc7 Rxc7 
27. Rb4 Nc6 28. Bxg7 Kxg7 29. Ra4 Re7 30. Rd1 Ne6 31. Ra3 Rd7 32. Bd3 Nf4 
33. Ne2 Nxd3 34. Rdxd3 Rb8 35. Ned4 Nxd4 36. Nxd4 Rb1+ 37. Kh2 Rb2 38. Rdb3 Rxf2 
39. Rb6 Bg6 40. Rf3 Rf7 41. Ne6+ Kh7 42. Rxf2 Rxf2 43. Kg3 Rf1 44. Rxa6 Bf5 
45. Ra7+ Kg6 46. Nd4 Be4 47. Ra6+ Kh7 48. h4 gxh4+ 49. Kxh4 Bd3 50. Ra7+ Kg6 
51. Kg3 Ra1 52. Nb3 Ra3 53. Nc5 Bf1+ 54. Kf4 Bxg2 55. Ra6+ Kh5 56. Ke5 Kg4 
57. Rxh6 Rxa5 58. Rg6+ Kh3 59. Rh6+ Kg3 60. Rg6+ Kh2 61. Rh6+ Kg1 62. Kd4 Rb5 
63. Rg6 Rb4+ 64. Ke3 Rc4 65. Nd3 Rc3 66. Kd2 Rb3 67. Nf4 Kf1 68. Nxg2 Rb2+ 
69. Kc1 Rxg2 70. Rxg2 Kxg2 1/2-1/2

[Event "Saturday Night Engine Tour 13 rd Swiss 5m+1s Starts at 2200hrs ST"]
[Site "Infinity Chess"]
[Date "2018.1.13"]
[Round "3"]
[White "RonWeasley"]
[Black "ocirema"]
[Result "1/2-1/2"]
[ECO "C55"]
[WhiteElo "2516"]
[BlackElo "2519"]
[WhiteEngine "BrainFish 060118_CTG"]
[BlackEngine "stockfish_18010422_x64_modern_CTG"]
[EventType "Swiss"]
[WhiteTeam ""]
[BlackTeam ""]
[PlyCount "65"]
[TimeControl "300+1"]

1. e4 e5 2. Nf3 Nc6 3. Bc4 Nf6 4. d3 Bc5 5. c3 O-O 6. O-O d6 7. Bb3 a5 8. a4 h6 
9. h3 d5 10. exd5 Nxd5 11. Nxe5 Nxe5 12. d4 Nb4 13. Be3 Nbd3 14. Qe2 Re8 
15. Rd1 Bf5 16. dxe5 Rxe5 17. Na3 Bxa3 18. bxa3 Ra6 19. Bc4 Rd6 20. Qf3 Be6 
21. Bxe6 Rexe6 22. Qxb7 Nxf2 23. Rxd6 Nxh3+ 24. gxh3 Qxd6 25. Qf3 Rg6+ 
26. Kh1 Rg3 27. Qa8+ Kh7 28. Qe4+ f5 29. Qxf5+ Kh8 30. Qc8+ Kh7 31. Qf5+ Kh8 
32. Qc8+ Kh7 33. Qf5+ 1/2-1/2

[Event "Saturday Night Engine Tour 13 rd Swiss 5m+1s Starts at 2200hrs ST"]
[Site "Infinity Chess"]
[Date "2018.1.13"]
[Round "3"]
[White "Gilgamesch"]
[Black "Vimtiroba"]
[Result "1/2-1/2"]
[ECO "C50"]
[WhiteElo "2543"]
[BlackElo "2523"]
[WhiteEngine "BrainFish_171005_x64_bmi2"]
[BlackEngine "SF@130118_CTG"]
[EventType "Swiss"]
[WhiteTeam ""]
[BlackTeam ""]
[PlyCount "134"]
[TimeControl "300+1"]

1. e4 e5 2. Nf3 Nc6 3. Bc4 Bc5 4. O-O Nf6 5. d3 d6 6. c3 a5 7. Re1 O-O 
8. Nbd2 Ba7 9. b3 h6 10. Nf1 Be6 11. Be3 Re8 12. Bxe6 Rxe6 13. Bxa7 Rxa7 
14. Qc2 d5 15. a3 Ra8 16. Ne3 b5 17. h3 Qd7 18. b4 axb4 19. axb4 Rae8 
20. Nxd5 Nxd5 21. exd5 Qxd5 22. Re3 Ne7 23. c4 Qd6 24. cxb5 Nd5 25. Re4 Nxb4 
26. Qc4 c5 27. Re3 Rd8 28. Rae1 Rde8 29. Nd2 Nd5 30. Rg3 Rc8 31. Ne4 Qd8 
32. Ra1 Nf4 33. Kh2 Qc7 34. Rg4 Rb6 35. Ra6 Rxa6 36. bxa6 Qc6 37. Rg3 Ne6 
38. a7 Ra8 39. Qb3 Qc7 40. Nf6+ Kh8 41. Qd5 Qxa7 42. Ng4 Nf4 43. Qxe5 Ng6 
44. Qd6 Rc8 45. Rf3 Qc7 46. Qxc7 Rxc7 47. Rf5 Kg8 48. Ne3 Ne7 49. Nd5 Nxd5 
50. Rxd5 Kf8 51. Kg3 Ke7 52. Kf3 Ke6 53. Rd8 f6 54. Re8+ Kf7 55. Rd8 c4 
56. dxc4 Rxc4 57. Rd7+ Kg6 58. Rd3 h5 59. g3 h4 60. gxh4 Rxh4 61. Kg3 Ra4 
62. f3 Kg5 63. Rd5+ f5 64. h4+ Rxh4 65. Rxf5+ Kxf5 66. Kxh4 Kf4 67. Kh5 Kxf3 
1/2-1/2

[Event "Saturday Night Engine Tour 13 rd Swiss 5m+1s Starts at 2200hrs ST"]
[Site "Infinity Chess"]
[Date "2018.1.13"]
[Round "3"]
[White "Pirate"]
[Black "MrScience"]
[Result "1/2-1/2 "]
[ECO "C50"]
[WhiteElo "2564"]
[BlackElo "2544"]
[WhiteEngine "asmFishW_20_bmi2_CTG"]
[BlackEngine "BrainFish_x64_modern"]
[EventType "Swiss"]
[WhiteTeam ""]
[BlackTeam ""]
[PlyCount "250"]
[TimeControl "300+1"]

1. e4 e5 2. Nf3 Nc6 3. Bc4 Bc5 4. O-O Nf6 5. d3 O-O 6. c3 d6 7. Nbd2 a6 8. a4 a5 
9. Re1 Be6 10. b3 Ng4 11. Re2 Nf6 12. h3 h6 13. Nf1 Bb6 14. Ng3 Re8 15. Bb5 Nd7 
16. d4 exd4 17. cxd4 d5 18. e5 Nb4 19. Nh5 c6 20. Bd3 Nxd3 21. Qxd3 g6 
22. Ng3 Kg7 23. Ba3 Rg8 24. Rd1 Rc8 25. Re3 Qe8 26. Bd6 Bd8 27. Qd2 Kh7 
28. Rc1 Nf8 29. Rec3 Nd7 30. Ne2 Ra8 31. Nh2 Bg5 32. f4 Be7 33. Bxe7 Qxe7 
34. Rf1 f5 35. Rb1 Nf8 36. Rc5 Qd8 37. Nf3 Bd7 38. b4 axb4 39. Rxb4 Rg7 
40. Rc2 Bc8 41. h4 Ne6 42. g3 Kg8 43. Ra2 Qa5 44. Rab2 Qd8 45. Rb1 Ra6 
46. Kg2 Rc7 47. Qc2 Rg7 48. R4b2 Qe7 49. Ra1 Qc7 50. Rbb1 Rf7 51. Qd2 b6 
52. Nc3 Qd8 53. Ra2 Rb7 54. Rab2 Rb8 55. Rb3 Kg7 56. Qc2 Bd7 57. R3b2 Kh8 
58. Kf2 Qf8 59. Qd3 Nc7 60. Qe2 Qe7 61. Ne1 Be8 62. Nc2 Kg7 63. Kg1 Qd8 
64. Kg2 Qe7 65. Kf2 Kg8 66. Qd2 Qf7 67. a5 Rxa5 68. Rxb6 Rxb6 69. Rxb6 Ra8 
70. Nb4 Bd7 71. Rb7 Bc8 72. Rb6 Bd7 73. Rb7 Bc8 74. e6 Qg7 75. Rb6 g5 
76. fxg5 hxg5 77. Qxg5 Qxg5 78. hxg5 Nxe6 79. Nxc6 Nxg5 80. Nxd5 Kf8 81. Ne5 Ne6 
82. Rd6 Ra2+ 83. Ke3 Ra3+ 84. Kd2 Ra4 85. Nb6 Rxd4+ 86. Rxd4 Nxd4 87. Nxc8 Kg7 
88. Kd3 f4 89. Kxd4 fxg3 90. Nf3 Kf6 91. Ke3 Ke6 92. Nb6 g2 93. Ng1 Kf7 
94. Na4 Ke6 95. Nb2 Kf5 96. Nd1 Kg6 97. Nb2 Kf5 98. Kf2 Ke4 99. Nd1 Kd3 
100. Nb2+ Kc2 101. Na4 Kb1 102. Nc3+ Ka1 103. Nb5 Kb1 104. Na3+ Ka1 105. Kf3 Kb2 
106. Nb5 Ka1 107. Na3 Kb2 108. Nb5 Ka1 109. Kf2 Kb1 110. Na3+ Ka1 111. Ke2 Kb2 
112. Nc4+ Kb1 113. Kd2 Ka2 114. Ne3 Ka1 115. Nd1 Kb1 116. Kd3 Kc1 117. Ne3 Kb1 
118. Nd1 Ka1 119. Kc2 Ka2 120. Kc3 Ka3 121. Nb2 Ka2 122. Nd1 Ka1 123. Kc2 Ka2 
124. Nb2 Ka1 125. Nd3 Ka2 1/2-1/2

[Event "Saturday Night Engine Tour 13 rd Swiss 5m+1s Starts at 2200hrs ST"]
[Site "Infinity Chess"]
[Date "2018.1.13"]
[Round "3"]
[White "BlitzMaster"]
[Black "SkyPilot"]
[Result "1/2-1/2"]
[ECO "B90"]
[WhiteElo "2567"]
[BlackElo "2596"]
[WhiteEngine "stockfish_18010422_x64_modern_CTG"]
[BlackEngine "stockfish_x64_bmi2_2018_01_01_CTG"]
[EventType "Swiss"]
[WhiteTeam ""]
[BlackTeam ""]
[PlyCount "50"]
[TimeControl "300+1"]

1. e4 c5 2. Nf3 d6 3. d4 cxd4 4. Nxd4 Nf6 5. Nc3 a6 6. Be3 e5 7. Nb3 Be6 
8. f3 h5 9. Be2 Nbd7 10. Nd5 Bxd5 11. exd5 g6 12. Qd2 Bg7 13. O-O b6 14. h3 O-O 
15. Rfc1 Qc7 16. Rab1 Rfe8 17. a4 h4 18. Re1 Nh5 19. Bd3 f5 20. c3 Ng3 
21. Bc2 Bf6 22. Bf2 Qd8 23. Be3 Qc7 24. Bf2 Qd8 25. Be3 Qc7 1/2-1/2

[Event "Saturday Night Engine Tour 13 rd Swiss 5m+1s Starts at 2200hrs ST"]
[Site "Infinity Chess"]
[Date "2018.1.13"]
[Round "3"]
[White "Thor"]
[Black "xeonrocks"]
[Result "1/2-1/2"]
[ECO "C50"]
[WhiteElo "2636"]
[BlackElo "2605"]
[WhiteEngine "asmFishW_2017-11-19_bmi2"]
[BlackEngine "asmFishW_bmi2.exe_CTG"]
[EventType "Swiss"]
[WhiteTeam ""]
[BlackTeam ""]
[PlyCount "174"]
[TimeControl "300+1"]

1. e4 e5 2. Nf3 Nc6 3. Bc4 Bc5 4. O-O Nf6 5. d3 d6 6. c3 a5 7. Re1 Ba7 
8. Nbd2 O-O 9. Nf1 Be6 10. Bb5 Ne7 11. d4 exd4 12. Nxd4 Ng6 13. Ba4 h6 
14. Nxe6 fxe6 15. Be3 Bxe3 16. Nxe3 Kh8 17. Rf1 Nxe4 18. Bc2 d5 19. Bxe4 dxe4 
20. Qa4 Rf4 21. Qb5 Qf6 22. g3 Rf3 23. Qxb7 Rf8 24. Qxe4 Rxf2 25. Qc2 Rf3 
26. Qe2 Ne5 27. Ng2 g5 28. Nf4 gxf4 29. Rxf3 Nxf3+ 30. Qxf3 fxg3 31. Qxf6+ Rxf6 
32. hxg3 Rf3 33. Kg2 Rd3 34. Re1 Rd2+ 35. Kf3 Rxb2 36. Rxe6 Rxa2 37. Rxh6+ Kg7 
38. Rc6 a4 39. Rxc7+ Kf8 40. c4 a3 41. g4 Rc2 42. Ra7 a2 43. c5 a1=Q 
44. Rxa1 Rxc5 45. Ra7 Rc4 46. Kg3 Rc1 47. Kh3 Rb1 48. Kh4 Rc1 49. Rb7 Kg8 
50. g5 Rd1 51. Kg4 Ra1 52. Kh5 Ra6 53. Rc7 Kh8 54. Rb7 Kg8 55. Rb8+ Kh7 
56. Rb1 Kg7 57. Rb2 Kh8 58. Rb1 Kg7 59. Rb2 Ra7 60. Rb6 Rd7 61. Ra6 Rc7 
62. Rg6+ Kh8 63. Rd6 Rb7 64. Kg6 Rg7+ 65. Kf5 Ra7 66. Kf6 Kh7 67. Rc6 Rb7 
68. Rd6 Ra7 69. Re6 Rg7 70. Re2 Rg6+ 71. Kf5 Ra6 72. Re7+ Kh8 73. Kg4 Ra1 
74. Rc7 Rb1 75. Ra7 Rb6 76. Kf5 Rb1 77. Kg6 Rb6+ 78. Kf7 Rc6 79. Ra2 Rc7+ 
80. Kg6 Rc6+ 81. Kf5 Kh7 82. Ra7+ Kh8 83. Rb7 Rd6 84. Rb8+ Kg7 85. Rb7+ Kh8 
86. Rb8+ Kg7 87. Rb7+ Kh8 1/2-1/2

[Event "Saturday Night Engine Tour 13 rd Swiss 5m+1s Starts at 2200hrs ST"]
[Site "Infinity Chess"]
[Date "2018.1.13"]
[Round "2"]
[White "KillBill2017"]
[Black "Dovahkiin"]
[Result "1/2-1/2"]
[ECO "B02"]
[WhiteElo "2445"]
[BlackElo "2392"]
[WhiteEngine "asmFishW_2018-01-12_popcnt_CTG"]
[BlackEngine "BrainFish_180106_x64_modern_CTG"]
[EventType "Swiss"]
[WhiteTeam ""]
[BlackTeam ""]
[PlyCount "146"]
[TimeControl "300+1"]

1. e4 Nf6 2. e5 Nd5 3. c4 Nb6 4. Nf3 d6 5. d4 g6 6. exd6 cxd6 7. Nc3 Bg7 
8. Be3 O-O 9. Rc1 d5 10. c5 Nc4 11. Bxc4 dxc4 12. O-O Nc6 13. b3 Bg4 14. d5 Ne5 
15. bxc4 Qc8 16. Ne4 Bxf3 17. gxf3 Qh3 18. Ng5 Qf5 19. Kg2 Nd3 20. Ne4 Nxc1 
21. Qxc1 Rac8 22. Re1 Qd7 23. Bh6 Bxh6 24. Qxh6 f6 25. Re3 Rf7 26. Ra3 a6 
27. Qe3 g5 28. Rb3 Qc7 29. Kf1 h6 30. Rb6 Qe5 31. Kg2 Rg7 32. a3 f5 33. Ng3 Qxe3 
34. fxe3 Rf7 35. e4 Rxc5 36. Nxf5 Rxf5 37. exf5 Rc7 38. Rxh6 Rxc4 39. Rb6 Kf7 
40. Rxb7 Kf6 41. Rb4 Rc5 42. Rb6+ Kxf5 43. Rxa6 Rxd5 44. Ra8 Rd3 45. h3 Kf4 
46. Rf8+ Ke5 47. Kg3 Rxa3 48. Kg4 Ra1 49. Rf5+ Ke6 50. Rxg5 Rg1+ 51. Kf4 Rh1 
52. Rh5 Kf6 53. Kg3 Rf1 54. Kg2 Re1 55. Kf2 Ra1 56. h4 e5 57. Rg5 Ra2+ 
58. Kg3 Ra3 59. Rg4 e4 60. Rxe4 Ra1 61. Rg4 Rh1 62. Kg2 Ra1 63. Rg3 Ra4 
64. h5 Kf7 65. Kh3 Rf4 66. Kg2 Ra4 67. Rh3 Kg7 68. h6+ Kh7 69. Rh1 Ra2+ 
70. Kg3 Rb2 71. Kf4 Ra2 72. Kf5 Rb2 73. Ke4 Rb3 1/2-1/2

[Event "Saturday Night Engine Tour 13 rd Swiss 5m+1s Starts at 2200hrs ST"]
[Site "Infinity Chess"]
[Date "2018.1.13"]
[Round "2"]
[White "MiKachomiKa QueeN"]
[Black "incredible"]
[Result "1/2-1/2"]
[ECO "B23"]
[WhiteElo "2465"]
[BlackElo "2454"]
[WhiteEngine "Raubfisch X37b1_CTG"]
[BlackEngine "stockfish_18011309_x64_bmi2"]
[EventType "Swiss"]
[WhiteTeam ""]
[BlackTeam ""]
[PlyCount "70"]
[TimeControl "300+1"]

1. e4 c5 2. Nc3 e6 3. Nf3 Nc6 4. d4 cxd4 5. Nxd4 d6 6. Be3 Nf6 7. Qd2 a6 
8. f3 Ne5 9. g4 h6 10. O-O-O b5 11. a3 Bb7 12. h4 Rc8 13. Be2 Nfd7 14. Nb3 Ba8 
15. g5 Nb6 16. Qd4 Nec4 17. Bxc4 Nxc4 18. Nd2 Nxe3 19. Qxe3 Qc7 20. Nb3 a5 
21. Qe2 b4 22. axb4 axb4 23. Nb5 Qb6 24. g6 Bb7 25. gxf7+ Kxf7 26. Qd3 d5 
27. Rhg1 Ba6 28. N3d4 e5 29. exd5 exd4 30. d6 Bxb5 31. Qf5+ Kg8 32. Qd5+ Kh7 
33. Qf5+ Kg8 34. Qe6+ Kh7 35. Qf5+ Kg8 1/2-1/2

[Event "Saturday Night Engine Tour 13 rd Swiss 5m+1s Starts at 2200hrs ST"]
[Site "Infinity Chess"]
[Date "2018.1.13"]
[Round "2"]
[White "MarioDeMonti"]
[Black "KULLANI"]
[Result "1/2-1/2"]
[ECO "C53"]
[WhiteElo "2507"]
[BlackElo "2459"]
[WhiteEngine "stockfish_x64_bmi2_2018_01_01_CTG"]
[BlackEngine "BrainFish_180106_x64_CTG"]
[EventType "Swiss"]
[WhiteTeam ""]
[BlackTeam ""]
[PlyCount "124"]
[TimeControl "300+1"]

1. e4 e5 2. Nf3 Nc6 3. Bc4 Bc5 4. c3 Nf6 5. d3 d6 6. O-O a5 7. Re1 Ba7 
8. Nbd2 O-O 9. Nf1 Be6 10. Bb5 Ne7 11. d4 exd4 12. Nxd4 Ng6 13. Ba4 c6 
14. Bc2 Bd7 15. f4 d5 16. exd5 Nxd5 17. f5 Ngf4 18. Be4 Re8 19. Qf3 Qh4 
20. Bd2 Nh5 21. Bxd5 cxd5 22. Be3 Bxd4 23. cxd4 Nf6 24. Bf2 Qg4 25. Qxg4 Nxg4 
26. h3 Nxf2 27. Kxf2 Bxf5 28. Rxe8+ Rxe8 29. Ne3 Be4 30. Rc1 f5 31. Rc5 b6 
32. Rb5 Rd8 33. Rxb6 f4 34. Nd1 Rc8 35. Nc3 Rc4 36. Rb5 a4 37. Nxd5 Rc2+ 
38. Ke1 Bxd5 39. Rxd5 Rxg2 40. Ra5 Rxb2 41. Rxa4 Rh2 42. d5 Rxh3 43. Rxf4 Ra3 
44. Rc4 h5 45. Rc5 g6 46. Ke2 Kf7 47. Rc7+ Kf6 48. Rc6+ Kf7 49. Rc7+ Ke8 
50. d6 Rxa2+ 51. Kf3 Rd2 52. Re7+ Kf8 53. Rd7 h4 54. Kf4 h3 55. Ra7 h2 
56. Rh7 Kg8 57. Rh3 Kf7 58. Kg3 Kf6 59. d7 Rxd7 60. Rxh2 Rd3+ 61. Kf4 Rd4+ 
62. Kg3 Kg5 1/2-1/2

[Event "Saturday Night Engine Tour 13 rd Swiss 5m+1s Starts at 2200hrs ST"]
[Site "Infinity Chess"]
[Date "2018.1.13"]
[Round "2"]
[White "Cepri"]
[Black "OlivierEvan"]
[Result "1/2-1/2"]
[ECO "B12"]
[WhiteElo "2465"]
[BlackElo "2479"]
[WhiteEngine "asmFishW_12J18Mb_CTG"]
[BlackEngine "Houdini 6"]
[EventType "Swiss"]
[WhiteTeam ""]
[BlackTeam ""]
[PlyCount "166"]
[TimeControl "300+1"]

1. e4 c6 2. d4 d5 3. e5 Bf5 4. Nf3 e6 5. Be2 Nd7 6. O-O h6 7. c3 Ne7 8. Nbd2 Qc7 
9. Re1 O-O-O 10. Nf1 g5 11. a4 f6 12. exf6 Ng6 13. f7 g4 14. N3d2 Nf6 
15. Ng3 Qxf7 16. Nxf5 exf5 17. Bd3 Qd7 18. b4 Ne4 19. Bf1 Bd6 20. Nxe4 dxe4 
21. b5 c5 22. Be3 cxd4 23. Bxd4 Be5 24. a5 Bxd4 25. cxd4 Kb8 26. Qc2 Rc8 
27. Qd2 Qd6 28. b6 a6 29. Rac1 Ne7 30. g3 Rcd8 31. Rc7 Nc6 32. Rd1 Rc8 
33. Rxc8+ Rxc8 34. Be2 Qd5 35. Rc1 Qxa5 36. Qxh6 e3 37. Qxe3 Qxb6 38. Rd1 Rf8 
39. Qe6 Qd8 40. d5 Qe7 41. Qh6 Rf6 42. Qd2 Rd6 43. Qf4 Ka7 44. Bf1 Qe5 
45. Qd2 Rd7 46. Bg2 Kb8 47. Qh6 Rd6 48. Qd2 Rd7 49. h4 gxh3 50. Bxh3 Ne7 
51. Bg2 f4 52. g4 Qf6 53. Bf3 Ng6 54. d6 Ne5 55. Kg2 Qg5 56. Qe2 Rh7 57. Kf1 Qf6 
58. g5 Qh8 59. Kg1 Nxf3+ 60. Qxf3 Rh5 61. d7 Rxg5+ 62. Kf1 Rg8 63. Rb1 b5 
64. Qxf4+ Ka8 65. Qe4+ Kb8 66. Qf4+ Ka8 67. Qf3+ Kb8 68. Rc1 Rd8 69. Qf4+ Ka8 
70. Qf3+ Kb8 71. Qg3+ Ka8 72. Qg6 Qh1+ 73. Ke2 Qxc1 74. Qxa6+ Kb8 75. Qb6+ Ka8 
76. Qxd8+ Kb7 77. f3 Qc4+ 78. Kf2 Qc2+ 79. Ke1 Qc3+ 80. Kd1 Qxf3+ 81. Kc2 Qc6+ 
82. Kb1 Qc4 83. Qc8+ Qxc8 1/2-1/2

[Event "Saturday Night Engine Tour 13 rd Swiss 5m+1s Starts at 2200hrs ST"]
[Site "Infinity Chess"]
[Date "2018.1.13"]
[Round "2"]
[White "Vimtiroba"]
[Black "pablo"]
[Result "1/2-1/2"]
[ECO "C53"]
[WhiteElo "2524"]
[BlackElo "2511"]
[WhiteEngine "SF@130118_CTG"]
[BlackEngine "asmFishW_2017-12-20_bmi2_CTG"]
[EventType "Swiss"]
[WhiteTeam ""]
[BlackTeam ""]
[PlyCount "67"]
[TimeControl "300+1"]

1. e4 e5 2. Nf3 Nc6 3. Bc4 Bc5 4. c3 Nf6 5. d3 d6 6. O-O O-O 7. h3 a5 8. Nbd2 h6 
9. Re1 Be6 10. Bb5 Qb8 11. Re2 Qa7 12. Nf1 a4 13. Ng3 Qa5 14. Bxc6 bxc6 
15. Nh4 Rfe8 16. Re1 d5 17. exd5 Nxd5 18. Nhf5 Qb6 19. Qf3 Nf4 20. Bxf4 exf4 
21. Qg4 Bxf2+ 22. Kh1 g6 23. Nxh6+ Kg7 24. Nh5+ Kxh6 25. Qxf4+ Kxh5 26. Re5+ Bf5 
27. Rxf5+ gxf5 28. Qxf5+ Kh6 29. Qf6+ Kh7 30. Qxf7+ Kh8 31. Qf6+ Kh7 
32. Qf7+ Kh8 33. Qf6+ Kh7 34. Qf7+ 1/2-1/2

[Event "Saturday Night Engine Tour 13 rd Swiss 5m+1s Starts at 2200hrs ST"]
[Site "Infinity Chess"]
[Date "2018.1.13"]
[Round "2"]
[White "Pirate"]
[Black "Gilgamesch"]
[Result "1/2-1/2"]
[ECO "C50"]
[WhiteElo "2565"]
[BlackElo "2542"]
[WhiteEngine "asmFishW_20_bmi2_CTG"]
[BlackEngine "BrainFish_171005_x64_bmi2"]
[EventType "Swiss"]
[WhiteTeam ""]
[BlackTeam ""]
[PlyCount "156"]
[TimeControl "300+1"]

1. e4 e5 2. Nf3 Nc6 3. Bc4 Bc5 4. O-O Nf6 5. d3 d6 6. c3 O-O 7. Nbd2 Bb6 
8. Bb3 Re8 9. h3 h6 10. Re1 Qe7 11. Nf1 Be6 12. Ba4 Rad8 13. Ng3 d5 
14. Bxc6 bxc6 15. Nxe5 Bxh3 16. Nxc6 Qc5 17. Nd4 Bg4 18. f3 Bd7 19. e5 Nh7 
20. f4 f6 21. Qh5 Qe7 22. Ngf5 Bxf5 23. Qxf5 fxe5 24. fxe5 Nf8 25. Re2 Qd7 
26. Kh1 Bxd4 27. Qxd7 Rxd7 28. cxd4 Ne6 29. Be3 c5 30. dxc5 d4 31. Bf2 Nxc5 
32. Rd1 Ne6 33. Rc2 h5 34. b4 Rd5 35. a4 Rxe5 36. Bg3 Rf5 37. Bd6 Rd8 
38. Bh2 Rdf8 39. Kg1 R8f7 40. Rb1 h4 41. Re1 Nf4 42. Bxf4 Rxf4 43. Kh2 Rf2 
44. Rc8+ Kh7 45. Re4 g5 46. a5 Rb2 47. Rxd4 Kh6 48. Rh8+ Kg7 49. Rb8 Rf3 
50. Rd6 g4 51. Rb7+ Rf7 52. Rxf7+ Kxf7 53. Rd4 h3 54. Rxg4 hxg2 55. a6 Kf6 
56. Kg1 Ke5 57. Rxg2 Rxb4 58. Rg7 Ra4 59. Rxa7 Kf4 60. Ra8 Kg3 61. Rg8+ Kf3 
62. Rf8+ Kg3 63. Kf1 Rxa6 64. Ke2 Ra7 65. Ke3 Re7+ 66. Kd2 Ra7 67. Ke3 Re7+ 
68. Kd2 Ra7 69. Rf6 Kg4 70. Kc3 Kg5 71. Rf1 Rc7+ 72. Kb3 Rb7+ 73. Kc2 Rc7+ 
74. Kb3 Rb7+ 75. Kc2 Rc7+ 76. Kd2 Rd7 77. Kc3 Rc7+ 78. Kb4 Rd7 1/2-1/2

[Event "Saturday Night Engine Tour 13 rd Swiss 5m+1s Starts at 2200hrs ST"]
[Site "Infinity Chess"]
[Date "2018.1.13"]
[Round "2"]
[White "xeonrocks"]
[Black "RonWeasley"]
[Result "1-0"]
[ECO "C02"]
[WhiteElo "2591"]
[BlackElo "2530"]
[WhiteEngine "asmFishW_bmi2.exe_CTG"]
[BlackEngine "BrainFish 060118_CTG"]
[EventType "Swiss"]
[WhiteTeam ""]
[BlackTeam ""]
[PlyCount "261"]
[TimeControl "300+1"]

1. e4 e6 2. d4 d5 3. e5 c5 4. c3 Nc6 5. Nf3 Qb6 6. a3 c4 7. Nbd2 Na5 8. Be2 Bd7 
9. O-O Ne7 10. Rb1 h6 11. Re1 Nf5 12. Nf1 O-O-O 13. g4 Ne7 14. Ng3 Ng6 
15. Be3 Kb8 16. Qc2 Be7 17. Nh5 Rhg8 18. Kh1 Rdf8 19. Rg1 Nh4 20. Nxh4 Bxh4 
21. f4 g6 22. Nf6 Bxf6 23. exf6 Qd8 24. g5 hxg5 25. fxg5 e5 26. dxe5 Bf5 
27. Qd1 Ka8 28. Bf3 Bxb1 29. Qxb1 Qc7 30. Bf4 Rd8 31. Qe1 Rge8 32. Qg3 Qc5 
33. Re1 Nc6 34. h4 d4 35. e6 Rxe6 36. Rxe6 fxe6 37. h5 Qf5 38. Bc7 Rh8 
39. Qf4 Qh3+ 40. Kg1 e5 41. Qg4 Rxh5 42. Qxh3 Rxh3 43. Bd5 Nb8 44. Be6 Rh8 
45. Bxe5 d3 46. Bf4 Rh4 47. Bd2 Nc6 48. Bxc4 Ne5 49. Bd5 Kb8 50. f7 Nd7 
51. c4 Kc7 52. Kf2 b6 53. Bc3 Rf4+ 54. Ke3 Rf1 55. Kxd3 Kd6 56. Bf6 Rg1 
57. Kc2 Rg3 58. a4 Rh3 59. a5 Re3 60. axb6 axb6 61. b4 Ra3 62. b5 Ra2+ 
63. Kc3 Rf2 64. Bc6 Nf8 65. Kd3 Rf4 66. Be4 Rh4 67. c5+ bxc5 68. b6 Rh3+ 
69. Kc2 Rh2+ 70. Kb1 Rh3 71. Bg7 Ke7 72. Kb2 c4 73. Bc2 Nd7 74. f8=Q+ Nxf8 
75. Bxf8+ Kd7 76. b7 Kc7 77. Bxg6 Rh8 78. b8=Q+ Kxb8 79. Bh6 Kc7 80. Bf7 Kd6 
81. Bxc4 Rh7 82. Bd3 Rb7+ 83. Kc2 Ke6 84. Bf8 Ra7 85. Kd2 Ra2+ 86. Ke3 Rg2 
87. Bh6 Rg3+ 88. Ke2 Rh3 89. Bg7 Rh2+ 90. Ke3 Rh3+ 91. Kd2 Rh2+ 92. Ke3 Rh3+ 
93. Kd4 Rg3 94. Bf6 Rf3 95. Bd8 Rf8 96. Bc7 Rc8 97. Ba5 Rh8 98. Bc3 Rh4+ 
99. Be4 Rg4 100. g6 Kf6 101. Kd5+ Kg5 102. Bf3 Rg1 103. Bd4 Rg3 104. Bf2 Rxf3 
105. g7 Rxf2 106. g8=Q+ Kh4 107. Qh7+ Kg5 108. Qe7+ Kf4 109. Qe4+ Kg3 
110. Qe3+ Kg2 111. Ke4 Kf1 112. Qc1+ Ke2 113. Qb1 Kd2 114. Qb4+ Ke2 115. Qc5 Ke1 
116. Ke3 Re2+ 117. Kf3 Kd1 118. Qg1+ Re1 119. Qh2 Kc1 120. Qa2 Rd1 121. Ke3 Rd8 
122. Qa5 Rd1 123. Qa4 Rd8 124. Qc6+ Kb1 125. Qb6+ Kc2 126. Qxd8 Kc3 
127. Qd4+ Kb3 128. Kd3 Ka2 129. Kc3 Ka1 130. Kc2+ Ka2 131. Qb2# 1-0